BSA
EL DORADO OILERS @ AUSTIN RIVER SHARKS
09/23/2030
 
TOP OF THE 1ST
El Dorado Oilers batting - Pitching for Austin River Sharks : RHP Brian Just
Pitching: RHP Brian Just
Batting: LHB Al Gaines 0-0: Called Strike
0-1: SINGLE (Groundball, 34S) (infield hit)
Batting: SHB Theron Harper 0-0: Ball
1-0: Ball
Al Gaines steals 2nd base
2-0: Fly out, F6 (Popup, 6MS)
Batting: LHB José Hernández 0-0: Called Strike
Al Gaines is caught stealing 3rd base
0-1: Ball
1-1: Ball
2-1: Foul Ball, location: 2F
2-2: Ball
3-2: Base on Balls
Batting: LHB Chris Miller 0-0: Swinging Strike
0-1: Called Strike
0-2: Ball
1-2: Ball
2-2: SINGLE (Line Drive, 89M)
José Hernández to second
Batting: LHB Ashley Pickhills 0-0: Swinging Strike
0-1: Ball
1-1: Called Strike
1-2: Ball
2-2: Strikes out swinging
Top of the 1st over - 0 runs, 2 hits, 0 errors, 2 left on base; El Dorado 0 - Austin 0
BOTTOM OF THE 1ST
Austin River Sharks batting - Pitching for El Dorado Oilers : RHP Tomás Molina
Pitching: RHP Tomás Molina
Batting: SHB Ramiro Medrano 0-0: Called Strike
0-1: SINGLE (Groundball, 6D)
Batting: LHB Enrico Vargas 0-0: Called Strike
0-1: Ball
1-1: Ball
Wild Pitch!
Ramiro Medrano to second
2-1: Foul Ball, location: 2F
2-2: Ground out 4-3 (Groundball, 4)
Ramiro Medrano to third
Batting: LHB Fred Abrams 0-0: Ball
1-0: 2-RUN HOME RUN (Flyball, 89XD), Distance : 385 ft
Batting: RHB Edward Young 0-0: Ball
1-0: Called Strike
1-1: Foul Ball, location: 2F
1-2: Strikes out looking
Batting: LHB José Lińares 0-0: Swinging Strike
0-1: Ball
1-1: Ball
2-1: Called Strike
2-2: Ground out 3-1 (Groundball, 34S)
Bottom of the 1st over - 2 runs, 2 hits, 0 errors, 0 left on base; El Dorado 0 - Austin 2
TOP OF THE 2ND
El Dorado Oilers batting - Pitching for Austin River Sharks : RHP Brian Just
Batting: RHB Sixto Vélez 0-0: Called Strike
0-1: Ball
1-1: Ball
2-1: Foul Ball, location: 2F
2-2: Foul Ball, location: 2F
2-2: DOUBLE (Flyball, 89XD)
Batting: RHB Bob Johnson 0-0: Foul Ball, location: 2F
0-1: Ball
1-1: Ball
2-1: Ground out 5-3 (Groundball, 5L)
Batting: RHB Chris Parker 0-0: Called Strike
0-1: Ground out 5-3 (Groundball, 2L)
Sixto Vélez to third
Batting: RHB Vicente Carona 0-0: Ball
1-0: Ball
2-0: Ground out 4-3 (Groundball, 4M)
Top of the 2nd over - 0 runs, 1 hit, 0 errors, 1 left on base; El Dorado 0 - Austin 2
BOTTOM OF THE 2ND
Austin River Sharks batting - Pitching for El Dorado Oilers : RHP Tomás Molina
Batting: RHB Richard Coker 0-0: Called Strike
0-1: Ball
1-1: Ball
2-1: Foul Ball, location: 2F
2-2: Foul Ball, location: 2F
2-2: Fly out, F7 (Flyball, 7S)
Batting: LHB Anacleto Morillo 0-0: DOUBLE (Line Drive, 7LS)
Batting: RHB Paul Swift 0-0: Called Strike
0-1: Ball
1-1: Ground out 6-3 (Groundball, 6)
Batting: RHB Jesús Morales 0-0: Called Strike
0-1: Ball
1-1: Ball
2-1: Called Strike
2-2: Ball
3-2: Ground out 5-3 (Groundball, 5S)
Bottom of the 2nd over - 0 runs, 1 hit, 0 errors, 1 left on base; El Dorado 0 - Austin 2
TOP OF THE 3RD
El Dorado Oilers batting - Pitching for Austin River Sharks : RHP Brian Just
Batting: LHB Al Gaines 0-0: Foul Ball, location: 2F
0-1: Fly out, F8 (Flyball, 8RM)
Batting: SHB Theron Harper 0-0: Called Strike
0-1: Foul Ball, location: 2F
0-2: SINGLE (Line Drive, 7S)
Batting: LHB José Hernández 0-0: Ball
1-0: Called Strike
1-1: Hit by Pitch
Theron Harper to second
Batting: LHB Chris Miller 0-0: Called Strike
Theron Harper steals 3rd base
0-1: Ball
1-1: Ground out 4-3 (Groundball, 34)
Theron Harper scores
José Hernández to second
Batting: LHB Ashley Pickhills 0-0: Called Strike
0-1: Swinging Strike
0-2: Strikes out swinging
Top of the 3rd over - 1 run, 1 hit, 0 errors, 1 left on base; El Dorado 1 - Austin 2
BOTTOM OF THE 3RD
Austin River Sharks batting - Pitching for El Dorado Oilers : RHP Tomás Molina
Batting: SHB Ramiro Medrano 0-0: Ball
1-0: Ball
2-0: Ball
3-0: Base on Balls
Batting: LHB Enrico Vargas 0-0: Ball
1-0: Ball
2-0: Ground out 3-1 (Groundball, 34S)
Ramiro Medrano to second
Batting: LHB Fred Abrams 0-0: Called Strike
0-1: Ball
1-1: Fly out, F7 (Flyball, 7S)
Batting: RHB Edward Young 0-0: Called Strike
0-1: Foul Ball, location: 2F
0-2: Ball
1-2: Ball
2-2: Foul Ball, location: 2F
2-2: Strikes out swinging
Bottom of the 3rd over - 0 runs, 0 hits, 0 errors, 1 left on base; El Dorado 1 - Austin 2
TOP OF THE 4TH
El Dorado Oilers batting - Pitching for Austin River Sharks : RHP Brian Just
Batting: RHB Sixto Vélez 0-0: Swinging Strike
0-1: Swinging Strike
0-2: Strikes out swinging
Batting: RHB Bob Johnson 0-0: SINGLE (Flyball, 78S)
Batting: RHB Chris Parker 0-0: Ball
1-0: Ball
2-0: Foul Ball, location: 2F
2-1: Foul Ball, location: 2F
2-2: Ground out 4-3 (Groundball, 34S)
Bob Johnson to second
Batting: RHB Vicente Carona 0-0: Called Strike
0-1: Ball
1-1: Ball
2-1: Ground out 5-3 (Groundball, 56)
Top of the 4th over - 0 runs, 1 hit, 0 errors, 1 left on base; El Dorado 1 - Austin 2
BOTTOM OF THE 4TH
Austin River Sharks batting - Pitching for El Dorado Oilers : RHP Tomás Molina
Batting: LHB José Lińares 0-0: Ball
1-0: Called Strike
1-1: SOLO HOME RUN (Flyball, 9D), Distance : 401 ft
Batting: RHB Richard Coker 0-0: Ball
1-0: Called Strike
1-1: Ball
2-1: Swinging Strike
2-2: Strikes out swinging
Batting: LHB Anacleto Morillo 0-0: Ball
1-0: Ball
2-0: Called Strike
2-1: Ball
3-1: Base on Balls
Batting: RHB Paul Swift 0-0: Ball
1-0: Foul Ball, location: 2F
1-1: Ball
2-1: Ball
3-1: Called Strike
3-2: Grounds into double play, 3-6-3 (Groundball, 3)
Bottom of the 4th over - 1 run, 1 hit, 0 errors, 0 left on base; El Dorado 1 - Austin 3
TOP OF THE 5TH
El Dorado Oilers batting - Pitching for Austin River Sharks : RHP Brian Just
Batting: LHB Al Gaines 0-0: Ball
1-0: Fly out, F4 (Line Drive, 4M)
Batting: SHB Theron Harper 0-0: Called Strike
0-1: Ball
1-1: Foul Ball, location: 2F
1-2: Foul Ball, location: 2F
1-2: Ball
2-2: Ball
3-2: Strikes out swinging
Batting: LHB José Hernández 0-0: Swinging Strike
0-1: Ball
1-1: Ball
2-1: SOLO HOME RUN (Flyball, 9D), Distance : 399 ft
Batting: LHB Chris Miller 0-0: Ball
1-0: Ball
2-0: Ground out 4-3 (Groundball, 4)
Top of the 5th over - 1 run, 1 hit, 0 errors, 0 left on base; El Dorado 2 - Austin 3
BOTTOM OF THE 5TH
Austin River Sharks batting - Pitching for El Dorado Oilers : RHP Tomás Molina
Batting: RHB Jesús Morales 0-0: Foul Ball, location: 2F
0-1: Ball
1-1: Foul Ball, location: 2F
1-2: Foul Ball, location: 2F
1-2: Foul Ball, location: 2F
1-2: SINGLE (Groundball, 6D)
Batting: SHB Ramiro Medrano 0-0: Ball
1-0: Ball
2-0: Called Strike
2-1: Ball
3-1: Base on Balls
Jesús Morales to second
Batting: LHB Enrico Vargas 0-0: Foul Ball, location: 2F
0-1: Fielders Choice at 2nd, 4-6 (Groundball, 4M)
Jesús Morales to third
Batting: LHB Fred Abrams 0-0: Ball
1-0: SINGLE (Groundball, 4MD)
Jesús Morales scores
Enrico Vargas to second
Runner from 2nd tries for 3rd, SAFE, no throw
Batting: RHB Edward Young 0-0: Foul Ball, location: 2F
Pickoff Throw to First - Out!
0-1: Foul Ball, location: 2F
0-2: Ball
1-2: Ball
2-2: Fly out, F8 (Flyball, 8RD)
Bottom of the 5th over - 1 run, 2 hits, 0 errors, 1 left on base; El Dorado 2 - Austin 4
TOP OF THE 6TH
El Dorado Oilers batting - Pitching for Austin River Sharks : RHP Brian Just
Batting: LHB Ashley Pickhills 0-0: Ball
1-0: Swinging Strike
1-1: Foul Ball, location: 2F
1-2: Ball
2-2: Foul Ball, location: 2F
2-2: Ground out 5-3 (Groundball, 5)
Batting: RHB Sixto Vélez 0-0: Ball
1-0: Ball
2-0: Foul Ball, location: 2F
2-1: SINGLE (Line Drive, 34)
Pitching: RHP Pedro Leal
Batting: RHB Bob Johnson 0-0: Foul Ball, location: 2F
0-1: Foul Ball, location: 2F
0-2: Ball
1-2: Foul Ball, location: 2F
1-2: Strikes out looking
Batting: RHB Chris Parker 0-0: Called Strike
0-1: Ball
Passed Ball!
Sixto Vélez to second
1-1: Ball
2-1: Called Strike
2-2: Foul Ball, location: 2F
2-2: Strikes out looking
Top of the 6th over - 0 runs, 1 hit, 0 errors, 1 left on base; El Dorado 2 - Austin 4
BOTTOM OF THE 6TH
Austin River Sharks batting - Pitching for El Dorado Oilers : RHP Tomás Molina
Batting: LHB José Lińares 0-0: Ball
1-0: Foul Ball, location: 2F
1-1: Swinging Strike
1-2: Ball
2-2: Ball
3-2: Ground out 4-3 (Groundball, 4)
Batting: RHB Richard Coker 0-0: Ball
1-0: Called Strike
1-1: Ball
2-1: Ball
3-1: Foul Ball, location: 2F
3-2: Foul Ball, location: 2F
3-2: Base on Balls
Pitching: LHP Jeremy Meyer
Batting: LHB Anacleto Morillo 0-0: Ball
1-0: Ball
2-0: Ball
3-0: Called Strike
3-1: Base on Balls
Richard Coker to second
Batting: RHB Paul Swift 0-0: Called Strike
0-1: Ball
1-1: Fly out, F8 (Flyball, 8LS)
Batting: RHB Jesús Morales 0-0: Called Strike
0-1: Fielders Choice at 2nd, 6-4 (Groundball, 6)
Bottom of the 6th over - 0 runs, 0 hits, 0 errors, 2 left on base; El Dorado 2 - Austin 4
TOP OF THE 7TH
El Dorado Oilers batting - Pitching for Austin River Sharks : RHP Pedro Leal
Batting: RHB Vicente Carona 0-0: Called Strike
0-1: Called Strike
0-2: Foul Ball, location: 2F
0-2: Ball
1-2: Ball
2-2: Foul Ball, location: 2F
2-2: SINGLE (Flyball, 9LS)
Batting: LHB Al Gaines 0-0: Foul Ball, location: 2F
0-1: Swinging Strike
0-2: DOUBLE (Flyball, 8RD)
Vicente Carona to third
Batting: SHB Theron Harper 0-0: Ground out U3 (Groundball, 34)
Batting: LHB José Hernández 0-0: Ball
1-0: Foul Ball, location: 2F
1-1: Ball
Wild Pitch!
Vicente Carona scores
Al Gaines to third
2-1: Ball
3-1: Called Strike
3-2: Base on Balls
Batting: LHB Chris Miller 0-0: SINGLE (Line Drive, 4D)
Al Gaines scores
José Hernández to second
Pitching: LHP Manuel Gil
Batting: LHB Ashley Pickhills 0-0: SINGLE (Groundball, 4MD)
José Hernández to third
Chris Miller to second
Runner from 3rd tries for Home, SAFE, no throw
Batting: RHB Sixto Vélez 0-0: Ball
1-0: Called Strike
1-1: Ball
2-1: Called Strike
2-2: Ball
3-2: Foul Ball, location: 2F
3-2: Strikes out swinging
Batting: RHB Bob Johnson 0-0: Ground out U3 (Groundball, 34)
Top of the 7th over - 3 runs, 4 hits, 0 errors, 2 left on base; El Dorado 5 - Austin 4
BOTTOM OF THE 7TH
Austin River Sharks batting - Pitching for El Dorado Oilers : LHP Jeremy Meyer
Batting: SHB Ramiro Medrano 0-0: Foul Ball, location: 2F
0-1: Ball
1-1: Ground out 4-3 (Groundball, 34)
Batting: LHB Enrico Vargas 0-0: Ball
1-0: Ball
2-0: Called Strike
2-1: Ball
3-1: Foul Ball, location: 2F
3-2: SINGLE (Line Drive, 34D)
Batting: LHB Fred Abrams 0-0: Ball
1-0: Reached on error, E1 (Groundball, 13S)
Enrico Vargas to second
Batting: RHB Edward Young 0-0: Called Strike
0-1: Swinging Strike
0-2: Ball
1-2: SINGLE (Groundball, 4MD)
Enrico Vargas to third
Fred Abrams to second
Runner from 3rd tries for Home, SAFE, throw made home
Pinch Hitting: RHB Jack Bailey 0-0: Called Strike
0-1: Ball
1-1: Swinging Strike
1-2: Foul Ball, location: 2F
1-2: Foul Ball, location: 2F
1-2: Foul Ball, location: 2F
1-2: Ball
2-2: Strikes out swinging
Batting: RHB Richard Coker 0-0: Ball
1-0: Ground out 4-3 (Groundball, 34)
Bottom of the 7th over - 1 run, 2 hits, 1 error, 2 left on base; El Dorado 5 - Austin 5
TOP OF THE 8TH
El Dorado Oilers batting - Pitching for Austin River Sharks : LHP Manuel Gil
Now at SS: Russell Peck
Batting: RHB Chris Parker 0-0: Called Strike
0-1: Foul Ball, location: 2F
0-2: Strikes out looking
Pinch Hitting: RHB Ernesto Acosta 0-0: Foul Ball, location: 2F
0-1: Fly out, F7 (Line Drive, 7LD)
Batting: LHB Al Gaines 0-0: Called Strike
0-1: Called Strike
0-2: Ground out 4-3 (Groundball, 4S)
Top of the 8th over - 0 runs, 0 hits, 0 errors, 0 left on base; El Dorado 5 - Austin 5
BOTTOM OF THE 8TH
Austin River Sharks batting - Pitching for El Dorado Oilers : LHP Jeremy Meyer
Now at 1B: Ernesto Acosta
Pinch Hitting: RHB Tom Rowe 0-0: Ball
1-0: Ball
2-0: Ball
3-0: Called Strike
3-1: Base on Balls
Batting: RHB Paul Swift 0-0: Ball
1-0: Foul Ball, location: 2F
1-1: Ball
2-1: Foul Ball, location: 2F
2-2: Grounds into double play, 4-6-3 (Groundball, 4)
Batting: RHB Jesús Morales 0-0: Called Strike
0-1: Called Strike
0-2: Ball
1-2: Ball
2-2: Foul Ball, location: 2F
2-2: Foul Ball, location: 2F
2-2: Ball
3-2: DOUBLE (Line Drive, 7D)
Batting: SHB Ramiro Medrano 0-0: Foul Ball, location: 2F
0-1: Foul Ball, location: 2F
0-2: Ball
1-2: Foul Ball, location: 2F
1-2: 2-RUN HOME RUN (Flyball, 7LD), Distance : 368 ft
Pitching: RHP César López
Batting: LHB Enrico Vargas 0-0: Foul Ball, location: 2F
0-1: Ball
1-1: Foul Ball, location: 2F
1-2: Ball
2-2: Ball
3-2: Base on Balls
Batting: LHB Fred Abrams 0-0: Swinging Strike
0-1: Ball
1-1: Foul Ball, location: 2F
1-2: Ball
Enrico Vargas steals 2nd base
2-2: Ground out U3 (Groundball, 3L)
Bottom of the 8th over - 2 runs, 2 hits, 0 errors, 1 left on base; El Dorado 5 - Austin 7
TOP OF THE 9TH
El Dorado Oilers batting - Pitching for Austin River Sharks : LHP Manuel Gil
Pitching: RHP Jorge Delgado
Now at 3B: Tom Rowe
Batting: SHB Theron Harper 0-0: SINGLE (Groundball, 34D)
Batting: LHB José Hernández 0-0: Ball
1-0: Ball
2-0: SINGLE (Groundball, 4MD)
Theron Harper to second
Batting: LHB Chris Miller 0-0: Fly out, F9 (Flyball, 9LS)
Batting: LHB Ashley Pickhills 0-0: Called Strike
0-1: Swinging Strike
0-2: Fielders Choice at 2nd, 3-6 (Groundball, 34)
Theron Harper to third
Batting: RHB Sixto Vélez 0-0: Ball
1-0: Foul Ball, location: 2F
1-1: Ball
2-1: Foul Ball, location: 2F
2-2: Ball
3-2: Foul Ball, location: 2F
3-2: Base on Balls
Ashley Pickhills to second
Batting: RHB Bob Johnson 0-0: Called Strike
0-1: Foul Ball, location: 2F
0-2: Reached on error, E4 (Groundball, 4)
Theron Harper scores
Ashley Pickhills scores
Sixto Vélez to third
Batting: RHB Chris Parker 0-0: Ball
1-0: Ball
2-0: Called Strike
2-1: Ground out 4-3 (Groundball, 4)
Top of the 9th over - 2 runs, 2 hits, 1 error, 2 left on base; El Dorado 7 - Austin 7
BOTTOM OF THE 9TH
Austin River Sharks batting - Pitching for El Dorado Oilers : RHP César López
Batting: RHB Edward Young 0-0: Ball
1-0: Ball
2-0: Called Strike
2-1: Swinging Strike
2-2: Ball
3-2: Fly out, F9 (Line Drive, 89S)
Pinch Hitting: LHB Edgar López 0-0: Ground out 4-3 (Groundball, 4)
Batting: RHB Richard Coker 0-0: Called Strike
0-1: Ball
1-1: Ball
2-1: Called Strike
2-2: Foul Ball, location: 2F
2-2: Ground out U3 (Groundball, 34)
Bottom of the 9th over - 0 runs, 0 hits, 0 errors, 0 left on base; El Dorado 7 - Austin 7
TOP OF THE 10TH
El Dorado Oilers batting - Pitching for Austin River Sharks : RHP Jorge Delgado
Pitching: RHP Bernardo Romero
Now at 2B: Edgar López
Batting: RHB Ernesto Acosta 0-0: Ball
1-0: Called Strike
1-1: Ball
2-1: Swinging Strike
2-2: SOLO HOME RUN (Flyball, 7LD), Distance : 386 ft
Batting: LHB Al Gaines 0-0: Ball
1-0: Called Strike
1-1: Ball
2-1: Swinging Strike
2-2: Ball
3-2: Strikes out swinging
Batting: SHB Theron Harper 0-0: Hit by Pitch
Batting: LHB José Hernández 0-0: Ball
Theron Harper steals 2nd base
1-0: Intentional Walk
Batting: LHB Chris Miller 0-0: Foul Ball, location: 2F
0-1: Ball
1-1: Ball
2-1: Ball
3-1: Base on Balls
Theron Harper to third
José Hernández to second
Batting: LHB Ashley Pickhills 0-0: Called Strike
0-1: Called Strike
0-2: Foul Ball, location: 2F
0-2: Ball
1-2: Grounds into fielders choice 1-2 (Groundball, P)
José Hernández to third
Chris Miller to second
Batting: RHB Sixto Vélez 0-0: Fly out, F3 (Line Drive, 34)
Top of the 10th over - 1 run, 1 hit, 0 errors, 3 left on base; El Dorado 8 - Austin 7
BOTTOM OF THE 10TH
Austin River Sharks batting - Pitching for El Dorado Oilers : RHP César López
Now in LF: Salvador López
Now in CF: José Carlos Caraballo
Batting: RHB Tom Rowe 0-0: Swinging Strike
0-1: Fly out, F8 (Flyball, 89M)
Batting: RHB Paul Swift 0-0: Swinging Strike
0-1: Ball
1-1: Foul Ball, location: 2F
1-2: Foul Ball, location: 2F
1-2: Ball
2-2: Ball
3-2: SINGLE (Flyball, 8LS)
Batting: RHB Jesús Morales 0-0: Called Strike
0-1: Ground out 5-3 (Groundball, 5)
Paul Swift to second
Batting: SHB Ramiro Medrano 0-0: Ball
1-0: Ball
2-0: Called Strike
2-1: Foul Ball, location: 2F
2-2: Foul Ball, location: 2F
2-2: Fly out, F8 (Flyball, 78D)
Bottom of the 10th over - 0 runs, 1 hit, 0 errors, 1 left on base; El Dorado 8 - Austin 7
Saturday, April 7th, 2018 - OOTP Baseball 18.8 Build 76